 Dungeon Crawl Stone Soup version 0.20-a0-1015-g2ec8a95 (webtiles) character file.

1847 Jakanory the Cleaver (level 8, -15/73 HPs)
             Began as a Minotaur Berserker on Apr 15, 2017.
             Was a Believer of Trog.
             Killed from afar by an orc warrior (17 damage)
             ... with a wand of acid (?/15)
             ... on level 6 of the Dungeon.
             The game lasted 00:10:08 (4896 turns).

Jakanory the Cleaver (Minotaur Berserker)           Turns: 4896, Time: 00:10:11

Health: -15/73     AC:  9    Str: 23    XL:     8   Next: 88%
Magic:  7/7        EV:  7    Int:  4    God:    Trog [**....]
Gold:   345        SH: 12    Dex: 11    Spells: 7/7 levels left

rFire    . . .     SeeInvis .   a - +4 hand axe
rCold    . . .     Gourm    .   H - +0 shield
rNeg     . . .     Faith    .   i - +1 chain mail
rPois    .         Spirit   .   (helmet restricted)
rElec    .         Reflect  +   (no cloak)
rCorr    .         Harm     .   (no gloves)
MR       .....                  t - +0 pair of boots
Stlth    ..........             n - +3 amulet of reflection
Regen    0.3/turn               (no ring)
MPRegen  0.1/turn               (no ring)

@: exhausted, corroded, slowed, very slow
A: retaliatory headbutt, horns 2
a: Berserk, Trog's Hand, Burn Spellbooks, Renounce Religion


You were on level 6 of the Dungeon.
You worshipped Trog.
Trog was pleased with you.
You were very hungry.

You visited 2 branches of the dungeon, and saw 7 of its levels.

You collected 345 gold pieces.

Inventory:

Hand Weapons
 a - a +4 hand axe (weapon)
Missiles
 D - 7 tomahawks (quivered)
Armour
 i - a +1 chain mail (worn)
 t - a +0 pair of boots (worn)
 H - a +0 shield (worn)
Jewellery
 k - an uncursed amulet of faith
 n - a +3 amulet of reflection (around neck)
 v - an uncursed amulet of guardian spirit
Wands
 q - a wand of polymorph (23/24)
Scrolls
 b - 2 scrolls of remove curse
 o - 5 scrolls of identify
 r - a scroll of enchant weapon
 s - 2 scrolls of enchant armour
 w - a scroll of fear
 G - a scroll of magic mapping
Potions
 d - 8 potions of curing {unknown}
 e - a potion of invisibility {unknown}
 g - 3 potions of haste {unknown}
 h - 2 potions of mutation {unknown}
 j - 2 potions of magic {unknown}
 l - 3 potions of brilliance {unknown}
 m - 3 potions of ambrosia {unknown}
 x - 2 potions of agility {unknown}
 z - 3 potions of degeneration {unknown}
 A - 2 potions of berserk rage {unknown}
 E - 2 potions of heal wounds {unknown}
 F - 2 potions of flight {unknown}
Comestibles
 c - 5 bread rations
 f - 2 royal jellies
 p - 2 chunks of flesh
 u - 3 meat rations
 B - 2 fruits


   Skills:
 + Level 7.2 Fighting
 + Level 9.3 Axes
 - Level 8.0 Armour
 - Level 2.2 Dodging
 + Level 4.0 Shields


You had 7 spell levels left.
You didn't know any spells.

Dungeon Overview and Level Annotations

Branches:
Dungeon (6/15)             Temple (1/1) D:5

Altars:
Dithmenos
Hepliaklqana
Kikubaaqudgha
Zin

Annotations:
D:6 Prince Ribbit


Innate Abilities, Weirdness & Mutations

You reflexively headbutt those who attack you in melee.
You have a pair of horns on your head.


Message History

You hit the orc warrior but do no damage.
Your headbutt misses the orc warrior. You block the orc warrior's attack.
The orc barely misses the freed slave.
You hit the orc warrior.
The orc warrior is lightly wounded.
You block the orc warrior's attack.
The orc hits the freed slave but does no damage.
You hit the orc warrior but do no damage.
The orc warrior is lightly wounded.
The orc warrior zaps a wand.
The bolt of acid hits you! The acid corrodes you!
You are splashed with acid!
The acid burns!
The freed slave hits the orc.
The orc dies!
You hit the orc warrior but do no damage.
The orc warrior is lightly wounded.
The orc warrior zaps a wand.
The bolt of acid hits you!
* * * LOW HITPOINT WARNING * * *
You are splashed with acid!
The acid burns!
* * * LOW HITPOINT WARNING * * *
The orc warrior zaps a wand.
The bolt of acid hits you!
You die...

##....##.>..###
#.............##
#..........#...##
##.........###..##
###.......####p.## .#
##p.....)####K.## .#
#..†###).###...## .#
##))# ##[).##...## .#
#)## ###@o.....# .#
##)# #.o.....# .##
#..# ##...p...#
..#####..## #.....)...
..........#
...........
..#####...#
.....#....z.. .##
##...........####.....
.## #..#### ..# ..##
#..#


You could see an orc warrior, an orc and a neutral freed slave (wandering).

Vanquished Creatures
  Pikel (D:6)
  Duvessa (D:6)
  A sky beast (D:6)
  2 slaves (D:6)
  An ogre (D:4)
  A bullfrog (D:6)
  A gnoll sergeant (D:5)
  Dowan (D:6)
  A scorpion (D:4)
  3 wights (D:6)
  A crimson imp (D:5)
  2 bullfrog zombies
  A gnoll shaman (D:6)
  6 hounds
  A centaur skeleton (D:4)
  Jessica (D:2)
  An orc wizard (D:6)
  4 worker ants
  7 adders
  11 gnolls
  2 shadow imps (D:5)
  An ooze (D:2)
  4 dart slugs
  2 leopard geckos
  4 orcs
  A ball python (D:3)
  2 bat zombies (D:3)
  5 giant cockroaches
  3 goblins
  9 hobgoblins
  2 jackals (D:3)
  4 kobolds
  2 quokkas
  9 bats
  4 frilled lizards (D:2)
  A jackal skeleton (D:5)
  A leopard gecko skeleton (D:4)
  6 rats
  4 rat zombies (D:3)
114 creatures vanquished.

Vanquished Creatures (others)
  2 orcs (D:6)
2 creatures vanquished.

Grand Total: 116 creatures vanquished

Notes
Turn   | Place    | Note
-------+----------+-------------------------------------------
     0 | D:1      | Jakanory the Minotaur Berserker began the quest for the Orb.
     0 | D:1      | Reached XP level 1. HP: 19/19 MP: 0/0
   331 | D:1      | Reached skill level 4 in Axes
   442 | D:1      | Reached XP level 2. HP: 27/27 MP: 1/1
   880 | D:2      | Reached ** piety under Trog
   920 | D:2      | Reached skill level 5 in Axes
   981 | D:2      | Reached XP level 3. HP: 33/33 MP: 2/2
   995 | D:2      | Noticed Jessica
   999 | D:2      | Killed Jessica
  1143 | D:2      | Reached XP level 4. HP: 39/40 MP: 3/3
  1389 | D:2      | Reached skill level 6 in Axes
  1757 | D:3      | Reached skill level 7 in Axes
  1757 | D:3      | Reached XP level 5. HP: 38/46 MP: 4/4
  2190 | D:3      | Found an ancient bone altar of Kikubaaqudgha.
  2418 | D:4      | Found a shadowy altar of Dithmenos.
  2424 | D:4      | Reached XP level 6. HP: 35/52 MP: 5/5
  2503 | D:4      | Found a hazy altar of Hepliaklqana.
  2568 | D:4      | Reached skill level 5 in Armour
  3494 | D:5      | Entered Level 5 of the Dungeon
  3545 | D:5      | Found a staircase to the Ecumenical Temple.
  3551 | Temple   | Entered the Ecumenical Temple
  3697 | D:5      | Reached XP level 7. HP: 58/58 MP: 6/6
  3755 | D:5      | Reached *** piety under Trog
  3965 | D:5      | Found a hazy altar of Hepliaklqana.
  4145 | D:5      | Noticed an angel
  4146 | D:5      | Found a glowing silver altar of Zin.
  4393 | D:6      | Noticed Prince Ribbit
  4482 | D:6      | Noticed Dowan
  4483 | D:6      | Noticed Duvessa
  4492 | D:6      | Killed Duvessa
  4493 | D:6      | Killed Dowan
  4521 | D:6      | Reached skill level 5 in Fighting
  4685 | D:6      | Reached skill level 8 in Axes
  4685 | D:6      | Reached XP level 8. HP: 68/68 MP: 7/7
  4849 | D:6      | Noticed Pikel
  4876 | D:6      | Killed Pikel
  4876 | D:6      | Reached skill level 9 in Axes
  4896 | D:6      | HP: 2/73 [acid (8)]
  4896 | D:6      | Killed from afar by an orc warrior

Vault maps used:
D:1:      lightli_arrival_maybe_door_vault, minmay_cut_off
D:2:      roderic_bipointed_swastika, uniq_jessica
D:3:      lemuel_zombie_altar_kikubaaqudgha, cheibrodos_gnoll_hut
D:4:      grunt_temple_overflow_open, serial_column_ruins,
          column_ruins_hut_pillars, column_ruins_hut, column_ruins_grid_3,
          column_ruins_corridor_straight, column_ruins_columns_straight,
          column_ruins_grid_1, column_ruins_open_tiny_water, column_ruins_grid_3
D:5:      zin_angel, temple_doors_cd, basic_altar, first_bread
D:6:      serial_shops, nicolae_shop_trees, uniq_pikel, uniq_duvessa,
          uniq_prince_ribbit1
Temple:   bh_familiar_temple

Skill      XL: |  1  2  3  4  5  6  7  8 |
---------------+-------------------------+-----
Axes           | 4 5 7 8 9 |  9.3
Armour         | 4 6 8 |  8.0
Fighting       | 5 7 |  7.2
Shields        | 4 |  4.0
Dodging        | |  2.2

Action                   |  1- 3 |  4- 6 |  7- 9 || total
-------------------------+-------+-------+-------++-------
Melee: Hand axe          |    59 |   124 |    93 ||   276
       Headbutt          |     7 |    26 |    18 ||    51
Invok: Berserk           |     1 |       |     3 ||     4
       Trog's Hand       |       |     1 |       ||     1
  Use: Scroll            |     3 |     7 |     3 ||    13
  Eat: Chunk             |     1 |     7 |     7 ||    15
Armor: Animal skin       |     5 |       |       ||     5
       Robe              |     9 |       |       ||     9
       Chain mail        |     5 |    62 |    54 ||   121
Dodge: Dodged            |    38 |    46 |    43 ||   127
Block: Other             |       |    17 |     8 ||    25
       Shield            |       |       |    13 ||    13
